 Dungeon Sprint DCSS version 0.27-a0-1273-gec92ba881d (webtiles) character file.

Game seed: 774680565040292266

700 mhtbhm the Carver (level 7, -4/66 HPs)
             Began as a Demonspawn Berserker on June 12, 2021.
             Was an Elder of Trog.
             Slain by a two-headed ogre
             ... wielding a +0 giant spiked club
              (6 damage)
             ... in the Dungeon (Sprint IX: "|||||||||||||||||||||||||||||").
             The game lasted 00:00:48 (648 turns).

mhtbhm the Carver (Demonspawn Berserker)             Turns: 648, Time: 00:00:48

Health: -4/66      AC: 10    Str: 19    XL:     7   Next: 38%
Magic:  7/7        EV: 12    Int: 17    God:    Trog [****..]
Gold:   0          SH:  0    Dex: 15    Spells: 6/6 levels left

rFire    . . .     SeeInvis .   a - +2 scimitar of Dissolution {vorpal, Int+5}
rCold    . . .     Faith    .   (no shield)
rNeg     . . .     Spirit   .   b - +1 scale mail
rPois    .         Reflect  .   (helmet restricted)
rElec    .         Harm     .   (no cloak)
rCorr    .         Rampage  .   k - +0 pair of gloves
Will     .....     NoTele   +   l - +0 pair of boots
Stlth    ..........             (no amulet)
HPRegen  0.21/turn              m - +3 ring of dexterity
MPRegen  0.10/turn              n - +3 ring of intelligence

@: on berserk cooldown, slowed, very slow
A: claws 2, horns 1, talons 2
a: Renounce Religion, Berserk, Trog's Hand, Brothers in Arms


You were in the Dungeon.
You worshipped Trog.
Trog was greatly pleased with you.
You visited 1 branch

Inventory:

Hand Weapons
 a - the +2 scimitar of Dissolution (weapon) {vorpal, Int+5}
   (You found it in the Dungeon)

   It inflicts extra damage upon your enemies.
   It affects your intelligence (+5).
Armour
 b - a +1 scale mail (worn)
 k - a +0 pair of gloves (worn)
 l - a +0 pair of boots (worn)
Jewellery
 m - a +3 ring of dexterity (left hand)
 n - a +3 ring of intelligence (right hand)
Wands
 j - a wand of acid (8)
Scrolls
 i - a scroll of blinking
Potions
 c - 5 potions of curing
 d - 3 potions of heal wounds
 e - a potion of haste
 f - 4 potions of magic
 g - a potion of berserk rage
 h - a potion of invisibility


   Skills:
 + Level 10.0 Fighting
 + Level 10.1 Long Blades
 + Level 5.2 Armour
 + Level 5.2 Dodging


You had 6 spell levels left.
You didn't know any spells.
Your spell library was empty.

Dungeon Overview and Level Annotations

Branches:
Dungeon (1/1)

Altars:
Cheibriados
Dithmenos
Elyvilon
Fedhas
Gozag
Hepliaklqana
Kikubaaqudgha
Makhleb
Nemelex Xobeh
Okawaru
Qazlal
Ru
Sif Muna
Trog
Uskayaw
Vehumet
Wu Jian
Xom
Yredelemnul
Zin
The Shining One
Beogh
Jiyva
Lugonu


Innate Abilities, Weirdness & Mutations

You have very sharp fingernails.
You have a pair of small horns on your head.
You have razor-sharp toenails.


Message History

Your Armour skill increases to level 5!
You hit the two-headed ogre. You headbutt the two-headed ogre.
The two-headed ogre is lightly wounded.
You are no longer berserk.
You are exhausted.
You feel yourself slow down.
You completely miss the two-headed ogre.
The two-headed ogre is lightly wounded.
The two-headed ogre hits you with a +0 giant spiked club!!
The two-headed ogre misses you.
You hit the two-headed ogre.
The two-headed ogre is lightly wounded.
The two-headed ogre barely misses you. The two-headed ogre closely misses you.
Unknown command.
Aiming: Corrosive Bolt
Press: ? - help, Shift-Dir - straight line, f - two-headed ogre
Aim: a two-headed ogre, wielding a +0 giant spiked club and a +0 giant club (lightly wounded, 86% to hit)
The bolt of acid hits the two-headed ogre!
The two-headed ogre is splashed with acid.
The acid corrodes the two-headed ogre!
The two-headed ogre is heavily wounded.
The bolt of acid hits the troll.
The troll is splashed with acid.
The acid corrodes the troll!
The troll is moderately wounded.
The two-headed ogre hits you with a +0 giant spiked club!!
* * * LOW HITPOINT WARNING * * *
The two-headed ogre barely misses you.
Unknown command.
Unknown command.
Aiming: Corrosive Bolt
Press: ? - help, Shift-Dir - straight line, f/p - two-headed ogre
Aim: a two-headed ogre, wielding a +0 giant spiked club and a +0 giant club (heavily wounded, covered in acid, 86% to hit)
The bolt of acid hits the two-headed ogre.
The two-headed ogre is splashed with acid.
The two-headed ogre seems to be corroded for longer.
The two-headed ogre is heavily wounded.
The bolt of acid hits the troll!
The troll is splashed with acid.
The troll is severely wounded.
The two-headed ogre hits you with a +0 giant spiked club.
You die... ▓▓▓▓▓▓▓▓▓▓▓▓▓▓▓▓▓▓▓▓▓▓▓ +...TO@)...[..)?.'_____ ▓▓▓▓▓▓▓▓▓▓▓▓▓▓▓▓▓▓▓▓▓▓▓

You could see a two-headed ogre (corroded) and a troll (corroded).

Vanquished Creatures
  A wraith (D)
  A steam dragon (D)
  An acid dragon (D)
  An orc warrior (D)
  An ogre (D)
  A gnoll sergeant (D)
  A hound (D)
  A jelly (D)
  A dart slug (D)
  A bat skeleton (D)
  An endoplasm (D)
  A goblin (D)
  A kobold (D)
  A rat (D)
14 creatures vanquished.

Notes
Turn   | Place    | Note
-------+----------+-------------------------------------------
     0 | D        | mhtbhm the Demonspawn Berserker began the quest for the
                  | Orb.
     0 | D        | Reached XP level 1. HP: 18/18 MP: 1/1
    11 | D        | Reached ** piety under Trog
   249 | D        | Noticed a jelly
   249 | D        | Noticed an ogre
   249 | D        | Noticed a hound
   249 | D        | Noticed a gnoll sergeant
   252 | D        | Reached *** piety under Trog
   253 | D        | Gained mutation: You have sharp toenails. [demonic
                  | ancestry]
   253 | D        | Reached XP level 2. HP: 25/25 MP: 2/2
   257 | D        | Killed a gnoll sergeant
   258 | D        | Reached skill level 5 in Fighting
   258 | D        | Reached skill level 5 in Long Blades
   258 | D        | Gained mutation: You have a pair of small horns on your
                  | head. [demonic ancestry]
   258 | D        | Reached XP level 3. HP: 3/34 MP: 3/3
   258 | D        | Gained mutation: You have razor-sharp toenails. [demonic
                  | ancestry]
   258 | D        | Reached XP level 4. HP: 3/40 MP: 4/4
   542 | D        | Killed an ogre
   543 | D        | Gained mutation: You have sharp fingernails. [demonic
                  | ancestry]
   543 | D        | Reached XP level 5. HP: 48/48 MP: 5/5
   554 | D        | Found a snail-covered altar of Cheibriados.
   554 | D        | Found a shadowy altar of Dithmenos.
   554 | D        | Found a blossoming altar of Fedhas.
   554 | D        | Found an opulent altar of Gozag.
   555 | D        | Found a hazy altar of Hepliaklqana.
   556 | D        | Found a viscous altar of Jiyva.
   557 | D        | Found an ancient bone altar of Kikubaaqudgha.
   558 | D        | Found a corrupted altar of Lugonu.
   559 | D        | Found a burning altar of Makhleb.
   560 | D        | Found a sparkling altar of Nemelex Xobeh.
   561 | D        | Found an iron altar of Okawaru.
   562 | D        | Found a stormy altar of Qazlal.
   563 | D        | Found a sacrificial altar of Ru.
   564 | D        | Found a shimmering blue altar of Sif Muna.
   565 | D        | Found a bloodstained altar of Trog.
   566 | D        | Found a hide-covered altar of Uskayaw.
   567 | D        | Found a radiant altar of Vehumet.
   568 | D        | Found an ornate altar of the Wu Jian Council.
   569 | D        | Found a shimmering altar of Xom.
   570 | D        | Found a basalt altar of Yredelemnul.
   589 | D        | Got the +2 scimitar of Dissolution {vorpal, Int+5}
   625 | D        | Noticed a troll
   625 | D        | Noticed a two-headed ogre
   625 | D        | Noticed a wraith
   625 | D        | Noticed an acid dragon
   625 | D        | Noticed an orc warrior
   625 | D        | Noticed a steam dragon
   629 | D        | Killed a steam dragon
   629 | D        | Reached **** piety under Trog
   630 | D        | Reached XP level 6. HP: 57/57 MP: 6/6
   634 | D        | Killed an orc warrior
   639 | D        | Killed an acid dragon
   640 | D        | Reached skill level 5 in Dodging
   640 | D        | Gained mutation: You have very sharp fingernails. [demonic
                  | ancestry]
   640 | D        | Reached XP level 7. HP: 64/64 MP: 7/7
   643 | D        | Killed a wraith
   644 | D        | Reached skill level 10 in Fighting
   644 | D        | Reached skill level 10 in Long Blades
   644 | D        | Reached skill level 5 in Armour
   647 | D        | HP: 2/66 [two-headed ogre/+0 giant spiked club (31)]
   648 | D        | Slain by a two-headed ogre

Illustrated notes

Levels and vault maps discovered:
D:        linesprint [early_d, line_temple, items_1, d_10, items_2, lair_1,
          lair_end, items_3, orc_1, orc_end, items_4, d_15, swamp_1, shoals_1,
          snake_1, spider_1, d_20, vaults_1, items_5, swamp_end, shoals_end,
          snake_end, spider_end, vaults_end, d_27, items_6, zot_1, zot_end,
          crypt_end, forest_end, elf_end, slime_end, tomb_end, abyss_end,
          pan_hell_end]

Skill      XL: |  1  2  3  4  5  6  7 |
---------------+----------------------+-----
Long Blades    | 3 5 7 8 9 10 | 10.1
Armour         | 2 3 4 5 |  5.2
Dodging        | 2 3 4 5 |  5.2
Fighting       | 5 7 8 9 10 | 10.0

Action                   |  1- 3 |  4- 6 |  7- 9 || total
-------------------------+-------+-------+-------++-------
Melee: Falchion          |    14 |     2 |       ||    16
       Kick              |     3 |     3 |       ||     6
       Headbutt          |       |     3 |     2 ||     5
       Scimitar          |       |    12 |     6 ||    18
Invok: Berserk           |     2 |     2 |       ||     4
Evoke: Wand              |       |       |     2 ||     2
  Use: Scroll            |       |     1 |       ||     1
Armor: Animal skin       |     4 |       |       ||     4
       Scale mail        |       |     2 |       ||     2
Dodge: Dodged            |     8 |     9 |     7 ||    24
       Rpst.: Falchion   |       |     2 |       ||     2
       Scimitar          |       |     2 |     1 ||     3

Table legend: (Time is in decaauts)
 A = Elapsed time spent in this place.
 B = Non-inter-level travel time spent in this place.
 C = Inter-level travel time spent in this place.
 D = Time resting spent in this place.
 E = Time spent auto-exploring this place.
 F = Levels seen in this place.
 G = Mean time per level.
                   A        B        C        D        E       F      G
               +--------+--------+--------+--------+--------+-----+--------+
         Total |    671 |    671 |      0 |    526 |      3 |   1 |  671.0 |
       Dungeon |    671 |    671 |      0 |    526 |      3 |   1 |  671.0 |
               +--------+--------+--------+--------+--------+-----+--------+

Top non-repeatable levels by time:
       D: 671 daAuts
